 Dungeon Crawl Stone Soup version 0.17.0-28-g6e173f8 (console) character file.

1642 Kloppie the Fighter (level 8, -1/79 HPs)
             Began as a Minotaur Fighter on Nov 23, 2015.
             Slain by Potsanchik's ghost (8 damage)
             ... on level 5 of the Dungeon.
             The game lasted 00:07:25 (4662 turns).

Kloppie the Fighter (Minotaur Fighter)              Turns: 4662, Time: 00:07:25

Health: -1/79      AC:  6    Str: 26    XL:     8   Next: 67%
Magic:  7/7        EV:  7    Int:  5    God:
Gold:   239        SH: 10    Dex: 12    Spells: 0 memorised, 7 levels left

rFire  . . .     SeeInvis .     a - +0 war axe
rCold  . . .     Clarity  .     b - +0 scale mail
rNeg   . . .     SustAt   .     c - +0 shield
rPois  .         Gourm    .     (helmet restricted)
rElec  .         Spirit   .     (no cloak)
rCorr  .         Warding  .     (no gloves)
rMut   .         Stasis   .     (no boots)
MR     .....                    (no amulet)
Stlth  ..........               (no ring)
                                (no ring)

@: mighty, not resistant to hostile enchantments, extremely unstealthy
A: retaliatory headbutt, horns 2
a: no special abilities


You were on level 5 of the Dungeon.
You were not hungry.

You visited 1 branch of the dungeon, and saw 5 of its levels.
You also visited: Sewer.

You collected 239 gold pieces.

Inventory:

Hand Weapons
 a - a +0 war axe (weapon)
Armour
 b - a +0 scale mail (worn)
 c - a +0 shield (worn)
 E - a +0 plate armour
Jewellery
 q - an uncursed ring of magical power {unknown}
Wands
 C - a wand of disintegration (5)
Scrolls
 f - 4 scrolls of enchant weapon {unknown}
 i - 4 scrolls of fog {unknown}
 l - a scroll of teleportation {unknown}
 n - 2 scrolls of identify {unknown}
 o - a scroll of fear {unknown}
 p - 2 scrolls of remove curse {unknown}
 r - a scroll of recharging {unknown}
 v - a scroll of immolation {unknown}
 w - 4 scrolls of magic mapping {unknown}
 x - a scroll of blinking {unknown}
 y - a scroll of random uselessness {unknown}
 A - a scroll of enchant armour {unknown}
Potions
 h - 4 potions of cancellation {unknown}
 j - 2 potions of agility {unknown}
 k - 3 potions of curing {unknown}
 s - 4 potions of heal wounds {unknown}
 t - a potion of brilliance {unknown}
 u - 2 potions of magic {unknown}
 B - a potion of poison {unknown}
 D - a potion of ambrosia {unknown}
 F - a potion of haste {unknown}
Comestibles
 e - 4 bread rations
 g - 6 fruits
 m - a slice of pizza
 z - a meat ration


   Skills:
 + Level 9.9 Fighting
 + Level 9.7 Axes
 - Level 3.6 Armour
 - Level 3.6 Shields


You had 7 spell levels left.
You didn't know any spells.

Dungeon Overview and Level Annotations

Branches:
Dungeon (5/15)
 Temple: D:4-7

Altars:
Ashenzari
Okawaru
Xom
Jiyva

Annotations:
D:5 Potsanchik's ghost, novice SpGl


Innate Abilities, Weirdness & Mutations

You reflexively headbutt those who attack you in melee.
You have a pair of horns on your head.


Message History

* * * LOW HITPOINT WARNING * * *
You miss Potsanchik's ghost.
Potsanchik's ghost is moderately damaged.
Potsanchik's ghost hits you.
* * * LOW HITPOINT WARNING * * *
You barely miss Potsanchik's ghost.
Your headbutt misses Potsanchik's ghost.
Potsanchik's ghost is moderately damaged.
Potsanchik's ghost hits you!
* * * LOW HITPOINT WARNING * * *
You barely miss Potsanchik's ghost.
Your headbutt misses Potsanchik's ghost.
Potsanchik's ghost is moderately damaged.
Potsanchik's ghost hits you.
* * * LOW HITPOINT WARNING * * *
Potsanchik's ghost hits you but does no damage.
Potsanchik's ghost hits you!
* * * LOW HITPOINT WARNING * * *
Potsanchik's ghost hits you!
You die...

..........#..#. ..
..[...!#..$.. #..
#.....#.#>.#
#...#$.........#
......._.......#
#...#.....#..##
##........#..####.#
####..#..W.......#
....#.#.#@......#
######.#.#.......#
#.#.#.......##
####.#.#.........
.....#.#.†.....#
#...........#
##.###<......#
......#.######
.##.##...>.<#


You could see Potsanchik's ghost.

Vanquished Creatures
  Pikel (D:4)
  Sigmund (D:3)
  3 slaves (D:4)
  The ghost of Dickchan the Cudgeler, an amateur MiBe of Trog (D:3)
  3 ogres (D:4)
  2 giant frogs (Sewer)
  A scorpion (D:4)
  A hound (D:4)
  A jelly (D:5)
  A centaur skeleton (D:4)
  2 orc wizards (D:4)
  3 worker ants (D:4)
  Robin (D:2)
  6 river rats (Sewer)
  11 adders
  A shadow imp (D:4)
  4 oozes
  3 worms (D:2)
  2 orcs (D:4)
  7 giant cockroaches
  17 goblins
  10 hobgoblins
  13 ball pythons (Sewer)
  2 bats
  5 giant geckos
  7 giant newts
  6 kobolds
  3 quokkas
  27 rats
145 creatures vanquished.

Vanquished Creatures (others)
  A giant gecko (D:4)
1 creature vanquished.

Grand Total: 146 creatures vanquished

Notes
Turn   | Place    | Note
--------------------------------------------------------------
     0 | D:1      | Kloppie the Minotaur Fighter began the quest for the Orb.
     0 | D:1      | Reached XP level 1. HP: 19/19 MP: 0/0
   389 | D:1      | Reached skill level 4 in Fighting
   399 | D:1      | Reached XP level 2. HP: 27/27 MP: 1/1
   930 | D:2      | Reached XP level 3. HP: 28/33 MP: 2/2
   941 | D:2      | Found a faded altar to an unknown god.
  1192 | D:2      | Noticed Robin
  1222 | D:2      | Reached XP level 4. HP: 15/41 MP: 3/3
  1223 | D:2      | Killed Robin
  1327 | D:2      | Found a shattered altar of Ashenzari.
  1329 | D:2      | Found an iron altar of Okawaru.
  1332 | D:2      | Found a shimmering altar of Xom.
  1400 | D:2      | Reached skill level 5 in Fighting
  1564 | D:3      | Found a glowing drain.
  1590 | Sewer    | Entered a sewer
  1706 | Sewer    | Reached XP level 5. HP: 3/48 MP: 4/4
  2043 | Sewer    | Reached skill level 5 in Axes
  2349 | Sewer    | Noticed a giant frog
  2356 | Sewer    | Reached skill level 6 in Fighting
  2360 | Sewer    | Killed a giant frog
  2360 | Sewer    | Reached XP level 6. HP: 11/58 MP: 5/5
  2391 | Sewer    | Noticed a giant frog
  2397 | Sewer    | Killed a giant frog
  2837 | D:3      | Noticed Dickchan's ghost (amateur MiBe)
  2850 | D:3      | Killed Dickchan's ghost
  2850 | D:3      | Reached skill level 7 in Fighting
  2891 | D:3      | Noticed Sigmund
  2895 | D:3      | Killed Sigmund
  2895 | D:3      | Reached XP level 7. HP: 53/66 MP: 6/6
  3500 | D:4      | Reached skill level 8 in Fighting
  3629 | D:4      | Noticed Pikel
  3952 | D:4      | Killed Pikel
  3952 | D:4      | Reached skill level 9 in Fighting
  3952 | D:4      | Reached XP level 8. HP: 34/78 MP: 7/7
  4523 | D:5      | Entered Level 5 of the Dungeon
  4535 | D:5      | Found a viscous altar of Jiyva.
  4636 | D:5      | Noticed Potsanchik's ghost (novice SpGl)
  4662 | D:5      | Slain by Potsanchik's ghost

Action                   |  1- 3 |  4- 6 |  7- 9 || total
-------------------------+-------+-------+-------++-------
Melee: War axe           |    80 |   151 |   112 ||   343
  Use: Potion            |       |     1 |     2 ||     3
  Eat: Chunk             |     1 |     6 |     2 ||     9
       Meat ration       |       |       |     1 ||     1
